 Dungeon Crawl Stone Soup version 0.29-a0-275-g389c0b56f3 (webtiles) character file.

Game seed: 13291487732765889932

23405 Leszczynek the Carver (level 13, -2/101 HPs)
             Began as a Human Gladiator on Mar 12, 2022.
             Was the Champion of Zin.
             Slain by a sun demon (19 damage)
             ... summoned by an orc high priest
             ... on level 2 of the Orcish Mines.
             The game lasted 01:10:35 (9038 turns).

Leszczynek the Carver (Human Gladiator)             Turns: 9038, Time: 01:10:35

Health: -2/101     AC:  8    Str: 19    XL:     13   Next: 35%
Magic:  20/20      EV: 14    Int:  8    God:    Zin [******]
Gold:   1285       SH: 17    Dex: 22    Spells: 12/12 levels left

rFire   . . .      SeeInvis .   a - +7 Singing Sword {vorpal, sonic wave}
rCold   . . .      Faith    .   v - +2 kite shield
rNeg    . . .      Spirit   .   A - +0 acid dragon scales
rPois   .          Reflect  +   C - +1 helmet
rElec   .          Harm     .   n - scarf {repulsion}
rCorr   +          Rampage  .   (no gloves)
Will    .....                   (no boots)
Stlth   +.........              r - amulet of reflection
HPRegen 0.26/turn               z - +6 ring of dexterity
MPRegen 0.17/turn               k - +4 ring of protection

@: corroded, on recite cooldown, repel missiles
A: no striking features
a: Renounce Religion, Recite, Vitalisation, Imprison, Sanctuary, Donate Gold


You were on level 2 of the Orcish Mines.
You worshipped Zin.
Zin was exalted by your worship.
You visited 2 branches of the dungeon, and saw 14 of its levels.
You also visited: Ossuary.

You collected 1427 gold pieces.
You donated 142 gold pieces to Zin.

Inventory:

Hand Weapons
 a - the +7 Singing Sword (weapon) {vorpal, sonic wave}
   (You found it on level 8 of the Dungeon)

   It inflicts extra damage upon your enemies.
   It radiates damaging sonic waves as it strikes, especially in combat
   involving dangerous or numerous foes.
 b - a +0 broad axe
Missiles
 j - a curare-tipped dart (quivered)
 q - a throwing net
 u - 18 poisoned darts
 x - 6 boomerangs
Armour
 n - a scarf of repulsion (worn)
 v - a +2 kite shield (worn)
 A - +0 acid dragon scales (worn)
 C - a +1 helmet (worn)
Jewellery
 k - a +4 ring of protection (right hand)
 o - a ring of protection from fire
 r - an amulet of reflection (around neck)
 z - a +6 ring of dexterity (left hand)
 B - a ring of protection from fire
Wands
 m - a wand of digging (2)
 s - a wand of flame (8)
Scrolls
 c - 3 scrolls of teleportation
 d - a scroll of magic mapping
 g - 4 scrolls of identify {@r1}
 h - 2 scrolls of vulnerability {!r}
 p - 2 scrolls of amnesia
 w - a scroll of fog
Potions
 i - a potion of curing {@q1}


   Skills:
 + Level 9.2 Fighting
 * Level 12.9 Long Blades
 - Level 10.3 Axes
 - Level 4.0 Throwing
 - Level 6.0 Dodging
 + Level 3.8 Shields
 + Level 9.4 Invocations


You had 12 spell levels left.
You didn't know any spells.
Your spell library contained the following spells:

 Spells                   Type           Power      Damage    Failure   Level
 Sting                    Tmut/Pois      0%         1d3       87%         1
 Ensorcelled Hibernation  Hex/Ice        0%         N/A       95%         2
 Poisonous Vapours        Pois/Air       0%         N/A       95%         2
 Dazzling Flash           Conj/Hex       0%         N/A       99%         3
 Spider Form              Tmut/Pois      0%         N/A       99%         3
 Anguish                  Hex/Necr       0%         N/A       100%        4
 Iskenderun's Mystic Bla  Conj/Tloc      0%         2d3       100%        4
 Olgreb's Toxic Radiance  Pois           0%         N/A       100%        4
 Starburst                Conj/Fire      0%         6d3       100%        6


Dungeon Overview and Level Annotations

Branches:
Dungeon (12/15)              Lair (0/6) D:11            Orc (2/2) D:10
    Elf (0/3) Orc:2       Ossuary (visited)
 Temple: D:4-7

Altars:
Ashenzari
Cheibriados
Kikubaaqudgha
Qazlal
Zin

Shops:
D:4 *   D:7 :   D:9 (   Orc:2 [=

Portals:
Trove: D:10 (give 5 scrolls of fog)

Annotations:
D:10 TROVE 5 ?FOG


Message History

You block the sun demon's attack. The rust devil hits you!
The rust devil corrodes you!
You hit the orc high priest.
The orc high priest is almost dead.
The orc high priest mumbles some strange prayers to Beogh against you.
Beogh smites you!
The orc high priest mumbles some strange prayers to Beogh.
The sun demon closely misses you. You block the rust devil's attack.
You block the smoke demon's attack. The smoke demon barely misses you.
The smoke demon hits you but does no damage.
You barely miss the orc high priest.
The orc high priest is almost dead.
The smoke demon disappears in a puff of smoke!
The orc high priest misses you. You block the orc high priest's attack.
The sun demon hits you!
You are engulfed in flames!
* * * LOW HITPOINT WARNING * * *
You block the rust devil's attack.
The ynoxinul gestures.
Unknown command.
Unknown command.
Okay, then.
You slash the orc high priest!
The Screaming Sword yells, "CARNAGE NOT CANTRIPS!"
You send a blast of sound all around you.
The monsters around you are blasted!
The sun demon is severely wounded.
You kill the rust devil!
The rust devil disappears in a puff of smoke!
You kill the ufetubus!
The ufetubus disappears in a puff of smoke!
The sun demon is heavily wounded.
The ynoxinul is heavily wounded.
You kill the ufetubus!
The ufetubus disappears in a puff of smoke!
You kill the ufetubus!
The ufetubus disappears in a puff of smoke!
The orc high priest is severely wounded.
You kill the orc high priest!
The sun demon disappears in a puff of smoke!
You block the orc high priest's attack. The sun demon hits you!!
You die...

###### ### ##÷....##
#.## ###.......∩ ...#
#...÷...... ..##
##.o§§...÷.. ###
...#### ##..3@).○....
#.#### ......##
#...3.÷..÷... ...#.#
.......# ##(§.#.)...÷.∩
###..... ......##
#..§##§÷.÷..####.......
....### #.))###..####
#........ ....#
#...)##### #..... ...##
##.....####### #.....
..## ##.)).......#
##).... .##
##...).....####))....


You could see an orc high priest (blind), a sun demon (summoned) and a ynoxinul
(summoned).

Vanquished Creatures
  Harold (D:9)
  A boulder beetle (D:11)
  3 centaur warriors
  2 two-headed ogres
  2 orc high priests (Orc:2)
  Pikel (D:6)
  6 orc knights (Orc:2)
  4 orc sorcerers
  A manticore (D:11)
  Maurice (D:9)
  2 kobold demonologists (D:11)
  Psyche (D:10)
  5 trolls
  A hornet (D:8)
  6 shadows
  A wraith (D:12)
  2 wyverns
  A basilisk (D:12)
  14 yaks
  Grum (D:10)
  4 vampire mosquitoes
  2 wargs
  An acid dragon (D:11)
  2 water moccasins (D:7)
  23 orc warriors
  8 ogres
  2 wolves (D:10)
  2 lemures (D:6)
  A phantom (D:6)
  5 centaurs
  4 kobold brigands
  3 bullfrogs
  4 scorpions
  A necrophage (D:5)
  8 wights
  5 killer bees (D:9)
  A centaur zombie (Ossuary)
  A hound (D:5)
  2 jellies
  A human zombie (Ossuary)
  A gnoll shaman (D:5)
  23 orc priests
  An iron imp (D:8)
  2 iguanas
  Terence (D:3)
  19 orc wizards
  2 mummies (Ossuary)
  8 gnolls
  8 adders
  3 dart slugs
  69 orcs
  6 ball pythons
  5 endoplasms
  5 goblins
  2 hobgoblins
  2 jackals (D:1)
  A quokka (D:3)
  10 bats
  2 frilled lizards
  4 gnoll zombies (Ossuary)
  4 goblin zombies (Ossuary)
  2 hobgoblin zombies (Ossuary)
  11 kobolds
  2 orc zombies (Ossuary)
  4 rats
333 creatures vanquished.

Vanquished Creatures (others)
  An orc wizard (Orc:2)
  4 fungi (D:8)
  16 plants (D:4)
21 creatures vanquished.

Grand Total: 354 creatures vanquished

Notes
Turn   | Place    | Note
-------+----------+-------------------------------------------
     0 | D:1      | Leszczynek the Human Gladiator began the quest for the Orb.
     0 | D:1      | Reached XP level 1. HP: 16/16 MP: 1/1
   160 | D:1      | Reached XP level 2. HP: 20/22 MP: 2/2
   552 | D:3      | Reached skill level 4 in Axes
   552 | D:3      | Reached XP level 3. HP: 24/27 MP: 3/3
   662 | D:3      | Found a stormy altar of Qazlal.
   676 | D:3      | Noticed Terence
   685 | D:3      | Killed Terence
   686 | D:3      | Reached XP level 4. HP: 28/33 MP: 4/4
   903 | D:2      | Found a faded altar of an unknown god.
   944 | D:4      | Found Zin's Purification Station.
   949 | D:4      | Found a glowing silver altar of Zin.
   958 | D:4      | Became a worshipper of Zin the Law-Giver
  1001 | D:4      | Reached skill level 5 in Axes
  1033 | D:4      | Gained mutation: You have a pair of small antennae on your
                  | head. [potion of mutation]
  1035 | D:4      | Reached XP level 5. HP: 8/38 MP: 5/5
  1281 | D:3      | Reached * piety under Zin
  1393 | D:4      | Reached skill level 6 in Axes
  1493 | D:4      | Noticed an ogre
  1509 | D:4      | Killed an ogre
  1510 | D:4      | Reached skill level 3 in Fighting
  1510 | D:4      | Reached XP level 6. HP: 47/47 MP: 6/6
  1582 | D:5      | Entered Level 5 of the Dungeon
  1582 | D:5      | Noticed an ogre
  1587 | D:5      | Killed an ogre
  1588 | D:5      | Reached skill level 4 in Fighting
  1598 | D:5      | Noticed a shadow
  1807 | D:5      | Reached XP level 7. HP: 54/55 MP: 7/7
  1933 | D:5      | Reached skill level 5 in Fighting
  2042 | D:5      | Killed a shadow
  2043 | D:5      | Reached skill level 7 in Axes
  2043 | D:5      | Reached XP level 8. HP: 37/62 MP: 8/8
  2165 | D:5      | Reached skill level 8 in Axes
  2320 | D:6      | Found a sand-covered staircase.
  2324 | Ossuary  | Entered an ossuary
  2338 | Ossuary  | Reached ** piety under Zin
  2451 | Ossuary  | Reached *** piety under Zin
  2467 | Ossuary  | Reached **** piety under Zin
  2481 | Ossuary  | Reached ***** piety under Zin
  2531 | D:6      | Noticed a shadow
  2544 | D:6      | Killed a shadow
  2545 | D:6      | Reached skill level 1 in Invocations
  2650 | D:6      | Reached skill level 2 in Invocations
  2670 | D:6      | Noticed Pikel
  2917 | D:6      | Killed Pikel
  2918 | D:6      | Reached skill level 6 in Fighting
  2918 | D:6      | Reached skill level 9 in Axes
  2918 | D:6      | Reached skill level 3 in Invocations
  2918 | D:6      | Reached XP level 9. HP: 42/69 MP: 9/11
  2973 | D:7      | Found Efog's Book Shoppe.
  3070 | D:7      | Found a broken altar of Ashenzari.
  3088 | D:7      | Reached skill level 4 in Invocations
  3101 | D:7      | Reached skill level 10 in Axes
  3424 | D:8      | Found a snail-covered altar of Cheibriados.
  3438 | D:8      | Noticed a hornet
  3449 | D:8      | Killed a hornet
  3450 | D:8      | Reached skill level 7 in Fighting
  3506 | D:7      | Noticed a troll
  3521 | D:8      | Reached XP level 10. HP: 43/78 MP: 13/13
  3679 | D:7      | HP: 15/78 [troll (1)]
  3683 | D:7      | Zin protects you from harm!
  3685 | D:7      | HP: 11/78 [troll (2)]
  3687 | D:7      | Reached skill level 4 in Dodging
  3687 | D:7      | Reached skill level 5 in Invocations
  3896 | D:8      | Found the +7 Singing Sword {vorpal, sonic wave}
  4039 | D:9      | Found an ancient bone altar of Kikubaaqudgha.
  4086 | D:9      | Reached skill level 8 in Fighting
  4148 | D:8      | >invisibility
  4148 | D:8      | >the enemy follows you PERFECTLY across two levels
  4148 | D:8      | oh okay, it's normal
  4367 | D:9      | Reached skill level 1 in Long Blades
  4405 | D:9      | Reached skill level 2 in Long Blades
  4501 | D:8      | Reached skill level 3 in Long Blades
  4586 | D:9      | Noticed Harold
  4592 | D:9      | Reached skill level 4 in Long Blades
  4602 | D:9      | Killed Harold
  4603 | D:9      | Reached skill level 5 in Long Blades
  4699 | D:9      | Noticed Maurice
  4709 | D:9      | Killed Maurice
  4710 | D:9      | Reached skill level 6 in Long Blades
  4710 | D:9      | Reached XP level 11. HP: 48/86 MP: 13/15
  4945 | D:8      | Reached skill level 7 in Long Blades
  4956 | D:8      | Reached skill level 8 in Long Blades
  5047 | D:9      | Found Jam Sots's Weapon Shop.
  5075 | D:10     | Entered Level 10 of the Dungeon
  5076 | D:10     | Noticed a two-headed ogre
  5087 | D:10     | Killed a two-headed ogre
  5088 | D:10     | Reached skill level 6 in Invocations
  5122 | D:9      | Reached skill level 9 in Long Blades
  5166 | D:10     | Noticed a centaur warrior
  5178 | D:10     | Killed a centaur warrior
  5242 | D:10     | Noticed a centaur warrior
  5247 | D:10     | Killed a centaur warrior
  5248 | D:10     | Reached skill level 7 in Invocations
  5462 | D:10     | Found a portal to a secret trove of treasure.
  5474 | D:10     | HP: 16/86 [orc warrior/+0 battleaxe (14)]
  5477 | D:10     | Reached skill level 10 in Long Blades
  5477 | D:10     | Noticed Grum
  5626 | D:10     | Killed Grum
  5642 | D:10     | Noticed Psyche
  5665 | D:10     | Killed Psyche
  5833 | D:11     | Noticed a boulder beetle
  5880 | D:11     | Found a staircase to the Lair.
  5927 | D:11     | Noticed a manticore
  5937 | D:11     | HP: 14/86 [manticore (8)]
  5937 | D:11     | HP: 4/86 [manticore (10)]
  5939 | D:11     | Killed a manticore
  5940 | D:11     | hmm
  5946 | D:11     | that's not good
  6209 | D:11     | Reached XP level 12. HP: 55/93 MP: 13/17
  6291 | D:11     | Reached skill level 5 in Dodging
  6391 | D:11     | Killed a boulder beetle
  6392 | D:11     | Reached skill level 11 in Long Blades
  6392 | D:11     | Reached skill level 8 in Invocations
  6475 | D:12     | Noticed a boulder beetle
  6579 | D:12     | Noticed a centaur warrior
  6593 | D:12     | Killed a centaur warrior
  7249 | D:10     | Found a staircase to the Orcish Mines.
  7258 | Orc:1    | Entered Level 1 of the Orcish Mines
  7338 | Orc:1    | Reached skill level 3 in Throwing
  7338 | Orc:1    | Reached skill level 6 in Dodging
  7405 | Orc:1    | Reached ****** piety under Zin
  7573 | D:5      | Lost mutation: You have a pair of small antennae on your
                  | head. [potion of mutation]
  7819 | Orc:2    | Entered Level 2 of the Orcish Mines
  7838 | Orc:1    | Reached skill level 1 in Shields
  8185 | Orc:2    | Noticed a two-headed ogre
  8200 | Orc:2    | Killed a two-headed ogre
  8201 | Orc:2    | Reached skill level 12 in Long Blades
  8201 | Orc:2    | Reached skill level 2 in Shields
  8216 | Orc:2    | Found a staircase to the Elven Halls.
  8250 | Orc:2    | i'm not gonna lie, this is a fun combo
  8250 | Orc:2    | recite + singing sword
  8391 | Orc:2    | Reached skill level 4 in Throwing
  8391 | Orc:2    | Reached XP level 13. HP: 87/99 MP: 19/19
  8453 | Orc:2    | HP: 14/100 [orc knight/+0 long sword (15)]
  8461 | Orc:2    | Reached skill level 9 in Invocations
  8462 | Orc:2    | everything goes easily
  8462 | Orc:2    | and suddenly one knight just bypassess all my defenses
                  | three times in a row
  8462 | Orc:2    | when normally they can barely hit me at all
  8528 | Orc:2    | Reached skill level 3 in Shields
  8860 | Orc:2    | Reached skill level 9 in Fighting
  9032 | Orc:2    | Found Yqameej's Jewellery Boutique.
  9032 | Orc:2    | Found Lafus's Antique Armour Shoppe.
  9037 | Orc:2    | HP: 17/101 [sun demon[an orc high priest] (17)]
  9038 | Orc:2    | Slain by a sun demon

Illustrated notes # #...#.#.### #.####...# #...#.#.# #.# ...# #...#.#.# ..+ .... #...#.#.# ..# ... #####.#.# ... #####.#.# .. # #...#.#.# #.##.#.#o..# #.......@#.# #.#...[...### #.........#.# ###.#.......# #...........## #.#.#.#####..## ### #.#...........### #.## ###.########..# #.#. #..........##^# ##... Turn 4148 on D:8: >invisibility ##.......... .......... . ........ #. ...... #.# .... #..###..# ########### #......# #........## #....@.#####........## ##..................). #.......###........## #.......# #....)...# #.......# #........# #.......# #........# #....^..# #........# #.......# ##+#.##### #....>..# #.# Turn 5940 on D:11: hmm ##.......... .......... . ........ #. ...... #.# .... #..###..# ############# #......# #........##<# #......#####........##.# ##.........@........)..# #.......###........#### #.......# #....)...# #.......# #........# #.......# #........# #....^..# #........# #.......# ##+#.##### #....>..# #.# #.......# #.# Turn 5946 on D:11: that's not good ####....)..#### ##.............# #.....[.)......## #......)#)....... ##....)###....... #....))##....... #....).........# ##.....<...#.### ##...@..).#.# ##..)....# # #.......# #...)..## #.........# #...........# #.......#....# #.>....##...... #.....### #..... Turn 8250 on Orc:2: i'm not gonna lie, this is a fun combo

....## #... ........
..### #...# ........
..# #....### #.......
.## #.....#######
#....... ##
#.)).......# ##......$
#
#...).....####........
#
###)))....##...)......
###
##).......).........
..# .#
###@.).....##...#.^.
..###
...#....)...########
#. ....##
#.........).### .....#
.........#)### ....#
#.........)).## ...#
###......#....# .###
###..####...# .# ###
##..## ## .. ##...# .


Turn 8462 on Orc:2: everything goes easily

Levels and vault maps discovered:
D:1:      dpeg_arrival_solitude, layout_loops_ring
D:2:      layout_loops_corners, shapermc_ecumenical_altar_mp_ritualfount
D:3:      layout_loops_ring, mainiacjoe_overflow_chevrons, uniq_terence
D:4:      layout_cave_pods, zin_purify, gup_sewer_entry_bubbles,
          hangedman_decor_slide_cut, serial_bayou_lagoon_a
D:5:      layout_gridville
D:6:      layout_rooms, nicolae_ossuary_entry_false_entrances, uniq_pikel
D:7:      layout_loops_cross, ashenzari_conservatory_becter,
          makhleb_grotto_becter, minmay_temple_entry_butterflies, serial_shops,
          nicolae_shop_waterfront
D:8:      old_forge, layout_basic, slow_altar_1,
          mainiacjoe_overflow_cross_hatched, minivault_10
D:9:      layout_rooms, kennysheep_mini_moat, serial_shops,
          nicolae_shop_behind_doors, chequers_avenue, uniq_maurice, uniq_harold
D:10:     layout_roguey, hiddenorc1_lemuel, nicolae_trove_entry_crossroad,
          hangedman_decor_lopped, uniq_grum, uniq_psyche
D:11:     layout_basic, lair_entry_dummy
D:12:     layout_roguey, minivault_1
Orc:1:    layout_diamond_mine
Orc:2:    grunt_orc_tribal_feast, layout_diamond_mine, nicolae_orc_stony_grotto

Skill      XL: |  1  2  3  4  5  6  7  8  9 10 11 12 13 |
---------------+----------------------------------------+-----
Axes           | 4 5 6 7 9 10 | 10.3
Fighting       | 3 4 5 6 7 8 9 |  9.2
Invocations    | 3 4 5 7 8 9 |  9.4
Dodging        | 4 6 |  6.0
Long Blades    | 6 10 12 | 12.9
Throwing       | 4 |  4.0
Shields        | 2 3 |  3.8

Action                   |  1- 3 |  4- 6 |  7- 9 | 10-12 | 13-15 || total
-------------------------+-------+-------+-------+-------+-------++-------
Melee: War axe           |    52 |    53 |       |       |       ||   105
       Hand axe          |       |    46 |   258 |    86 |       ||   390
       Punch             |       |     1 |     1 |     2 |       ||     4
       Double sword      |       |       |       |   283 |    71 ||   354
 Fire: Hunting sling     |       |       |    69 |    51 |       ||   120
       Shortbow          |       |       |       |    17 |       ||    17
Throw: Throwing net      |     4 |     1 |       |     2 |       ||     7
       Javelin           |     1 |     4 |     8 |       |       ||    13
       Dart              |       |     3 |       |    23 |     7 ||    33
Invok: Recite            |       |       |    11 |    35 |     9 ||    55
       Vitalisation      |       |       |     3 |     6 |     2 ||    11
       Imprison          |       |       |       |     3 |       ||     3
  Use: Potion            |     3 |     5 |     3 |     7 |       ||    18
       Scroll            |       |       |     2 |    11 |       ||    13
 Stab: Paralysed         |       |       |     1 |     4 |     3 ||     8
       Invisible         |       |       |       |     8 |     2 ||    10
       Confused          |       |       |       |     5 |     3 ||     8
Armor: Leather armour    |    12 |       |       |       |       ||    12
       Skin              |     9 |       |       |       |       ||     9
       Ring mail         |     2 |    25 |    60 |    51 |       ||   138
       Acid dragon scale |       |       |       |    34 |     4 ||    38
Dodge: Dodged            |    31 |    26 |   103 |   194 |    17 ||   371
       Repelled          |     1 |     1 |       |     2 |       ||     4
Block: Other             |       |    15 |    40 |    62 |       ||   117
       Kite shield       |       |       |       |    74 |    44 ||   118
       Reflection        |       |       |       |     5 |     2 ||     7

Table legend: (Time is in decaauts)
 A = Elapsed time spent in this place.
 B = Non-inter-level travel time spent in this place.
 C = Inter-level travel time spent in this place.
 D = Time resting spent in this place.
 E = Time spent auto-exploring this place.
 F = Levels seen in this place.
 G = Mean time per level.
                   A        B        C        D        E       F      G
               +--------+--------+--------+--------+--------+-----+--------+
         Total |   9383 |   8619 |    764 |    262 |      0 |  15 |  625.5 |
       Dungeon |   7654 |   6965 |    689 |      3 |      0 |  12 |  637.8 |
  Orcish Mines |   1561 |   1487 |     74 |    259 |      0 |   2 |  780.5 |
       Ossuary |    167 |    167 |      0 |      0 |      0 |   1 |  167.0 |
               +--------+--------+--------+--------+--------+-----+--------+

Top non-repeatable levels by time:
   Orc:2: 1029 daAuts
     D:9: 1001 daAuts
    D:10: 933 daAuts
     D:4: 864 daAuts
     D:7: 792 daAuts
    D:11: 751 daAuts
     D:8: 675 daAuts
     D:5: 660 daAuts
   Orc:1: 531 daAuts
     D:3: 488 daAuts
     D:6: 440 daAuts
    D:12: 439 daAuts
     D:2: 335 daAuts
     D:1: 272 daAuts
 Ossuary: 167 daAuts
